[Event "*** Titled Tuesday Blitz"]
[Site "Chess.com"]
[Date "2020.05.12"]
[Round "3"]
[White "GameOverBro"]
[Black "jaskol95"]
[Result "1-0"]
[WhiteElo "2487"]
[BlackElo "2259"]
[TimeControl "180+1"]
[EndTime "10:29:10 PDT"]
[Termination "GameOverBro won by resignation"]

1. e4 e6 2. d4 d5 3. Nd2 Nf6 4. e5 Nfd7 5. f4 c5 6. c3 Nc6 7.
Ndf3 Be7 8. h4 cxd4 9. cxd4 h5 10. Be3 a5 11. Bd3 a4 12. Rc1 a3 13. b3 Bb4+ 14. Kf2 g6 15. Ne2 Ne7 16. Ng5 Nf5 17.
Bxf5 exf5 18. e6 Nf6 19. Nxf7 Ng4+ 20. Kf3 Qe7 21. Nxh8 Qxe6 22. Qd3 Bd7 23. Bf2 Ke7 24. Nxg6+ Qxg6 25. Nc3 Ne5+ 26. fxe5 Qg4+ 27. Ke3 f4+ 28. Kd2 Qxg2 29. Rhf1 Rc8 30. Qh7+ Kd8 31. e6 Bxe6 32.
Qh8+ Kd7 33. Qh7+ Kd8 34. Rfe1 Qxf2+ 35. Re2 Qxd4+ 36. Ke1 Qg1+ 37. Kd2 Qd4+ 38. Qd3 Bxc3+ 39. Rxc3 Qxc3+ 40. Qxc3 Rxc3 41. Kxc3 Kd7 42. Kd4 Bg4 43. Re5 f3 44. Rxd5+ Kc6 45. Rd8 Bh3 46. Rf8 Bg4 47. Rf4 Kb5 48. Ke3 Kc5 49. Rxg4 hxg4 50. h5 Kb4 51. h6 Kc3 52. h7 Kb2 53. h8=Q+ Kxa2 54.
Qc3 b5 55. b4 g3 56. Kxf3 g2 57. Kxg2 Kb1 58. Qxa3 Kc2 59. Qa5 Kb1 60. Qxb5 Kb2 61. Qd3 1-0

[Event "*** Titled Tuesday Blitz"]
[Site "Chess.com"]
[Date "2020.05.12"]
[Round "3"]
[White "chessdjw"]
[Black "Baby_Shak"]
[Result "0-1"]
[WhiteElo "2695"]
[BlackElo "2470"]
[TimeControl "180+1"]
[EndTime "10:29:11 PDT"]
[Termination "Baby_Shak won by resignation"]

1. e4 e5 2. Nf3 Nc6 3. Bb5 a6 4. Ba4 d6 5. d4 b5 6. Bb3 Nxd4 7. Nxd4 exd4 8. c3 dxc3 9. Nxc3 Nf6 10. O-O Be7 11.
f4 O-O 12. Qf3 Be6 13. Bc2 b4 14. Ne2 Bg4 15. Qf2 d5 16. e5 Ne4 17. Bxe4 dxe4 18.
Ng3 Qd5 19. f5 Qxe5 20. h3 Bf3 21. Be3 Bd6 22. gxf3 Qxg3+ 23. Qxg3 Bxg3 24. Kg2 Be5 25. Rf2 exf3+ 26. Kxf3 Rfd8 27. Rc1 a5 28. Rc6 a4 29. Rg2 b3 30. axb3 axb3 31. Ke4 Re8 32. Kd5 Ra4 33. Bc5 Ra2 34. f6 g6 35. Ba3 Bf4 36. Kc4 Ra1 37.
Kxb3 Rae1 38. Rgc2 R1e6 39. R6c4 Rxf6 40. Rf2 Rb6+ 41.
Ka2 Bd6 42. Bxd6 cxd6 43. Rc7 Ra8+ 44. Kb1 Rf8 45. Rf6 Kg7 46. Rf3 g5 47. b3 Kg6 48.
Kb2 h5 49. Rd3 f5 50. Rd7 Rf6 51. Rd8 g4 52. Rg8+ Kf7 53. Rg5 f4 54. hxg4 f3 55.
Rf5 hxg4 56. Rxf6+ Kxf6 57. Kc2 f2 58. Rd1 g3 59.
Rf1 Kf5 60. Kc3 Kg4 61. b4 g2 62. Rxf2 g1=Q 63. Rf8 Qe1+ 0-1

[Event "*** Titled Tuesday Blitz"]
[Site "Chess.com"]
[Date "2020.05.12"]
[Round "3"]
[White "LionTheLeon_06"]
[Black "GodDMuhammad"]
[Result "0-1"]
[WhiteElo "2680"]
[BlackElo "2290"]
[TimeControl "180+1"]
[EndTime "10:29:12 PDT"]
[Termination "GodDMuhammad won by resignation"]

1. d4 Nf6 2. c4 e6 3. Nc3 Bb4 4. e3 c5 5. Ne2 d5 6. cxd5 Nxd5 7.
a3 Bxc3+ 8. Nxc3 cxd4 9. Qxd4 O-O 10. Nxd5 exd5 11. Be2 Nc6 12. Qd2 d4 13. O-O dxe3 14. Qxe3 Be6 15. Bd2 Nd4 16. Bd1 Nf5 17. Qf4 Qd4 18.
Qxd4 Nxd4 19. Bc3 Rfd8 20. Re1 Rac8 21. Ba4 a6 22. f3 b5 23. Bd1 Nb3 24. Rb1 Nd2 25.
Rc1 Nb3 26. Rb1 Nd2 27. Rc1 Nb3 28. Rc2 Nc5 29. Rce2 Nd3 30. Rf1 Bc4 31. b3 Be6 32. Ba5 Re8 33. Rd2 Nc5 34. Rb2 Nd3 35. Rd2 Nc5 36. Rb2 Nd3 37. Rb1 Nf4 38. g3 Nd5 39. Be2 Nc3 40. Bxc3 Rxc3 41. b4 Rxa3 42. Ra1 Rxa1 43.
Rxa1 Bb3 44. Kf2 Ba4 45. Rc1 h6 46. Rc6 Re6 47. Rc8+ Kh7 48. Rc7 Kg6 49. Bd3+ Kf6 50. Ra7 Bb3 51. f4 Rc6 52. Be4 Rc4 53. Rxa6+ Ke7 54.
Ra7+ Kf6 55. Bd5 Rc2+ 56. Ke3 Bxd5 57. Kd3 Rxh2 58. Kd4 Bc4 59. Ra6+ Kf5 0-1

[Event "*** Titled Tuesday Blitz"]
[Site "Chess.com"]
[Date "2020.05.12"]
[Round "3"]
[White "ZverevLev"]
[Black "GeorgMeier"]
[Result "0-1"]
[WhiteElo "2106"]
[BlackElo "3021"]
[TimeControl "180+1"]
[EndTime "10:29:12 PDT"]
[Termination "GeorgMeier won on time"]

1. e4 e6 2. d4 d5 3. exd5 exd5 4. Bd3 Nf6 5. Nf3 Be7 6. O-O O-O 7. h3 c6 8. c3 Nbd7 9. Nbd2 Re8 10. Re1 Nf8 11. Nf1 Ng6 12. Ng3 Bf8 13. Rxe8 Nxe8 14. Be3 Nd6 15. Qc2 Nc4 16. Bg5 Qc7 17. b3 Nd6 18.
Re1 Be6 19. h4 Be7 20. h5 Nf8 21. Nf5 Bxg5 22. Nxg5 Bxf5 23. Bxf5 h6 24. Nf3 Re8 25. Rxe8 Nxe8 26. Ne5 Qe7 27. g3 Nf6 28. Qd1 Ne6 29. f4 c5 30. Qd2 cxd4 31. cxd4 Nxh5 32. Qc2 Qc7 33. Qxc7 Nxc7 34. Kg2 Nf6 35. a4 Nfe8 36. Kf3 Nd6 37. Bd3 h5 38. g4 Ne6 39. gxh5 Nxd4+ 40. Kg4 Nxb3 41. Nd7 b6 42. Ne5 Nc5 43. Bb1 Nxa4 44.
Nc6 Nc3 45. Bc2 a5 46. Kg5 a4 0-1

[Event "*** Titled Tuesday Blitz"]
[Site "Chess.com"]
[Date "2020.05.12"]
[Round "3"]
[White "SerGo055"]
[Black "fidezivkovic"]
[Result "1-0"]
[WhiteElo "2559"]
[BlackElo "2361"]
[TimeControl "180+1"]
[EndTime "10:29:12 PDT"]
[Termination "SerGo055 won on time"]

1. d4 Nf6 2. Nf3 e6 3. c4 Bb4+ 4. Bd2 Qe7 5. g3 Nc6 6. Bg2 Bxd2+ 7. Nbxd2 O-O 8. O-O d6 9. e3 a5 10. a3 a4 11. Rc1 e5 12. Qc2 Bg4 13. h3 Bh5 14. d5 Nb8 15. c5 Bxf3 16. Bxf3 Nbd7 17. cxd6 cxd6 18. Qc7 b5 19. e4 Rfb8 20. Bg4 Nxg4 21.
hxg4 Rc8 22. Qxc8+ Rxc8 23. Rxc8+ Nf8 24. Nf3 g6 25.
Rfc1 Kg7 26. g5 Qd7 27. Rb8 Qg4 28. Kg2 h6 29. Rcc8 hxg5 30. Rxf8 Qxe4 31. Rg8+ Kf6 32. Rbc8 g4 33. Rc3 Qxd5 34. Rf8 Kg7 35. Rfc8 gxf3+ 36. Rxf3 f5 37. Rc7+ Kf6 38. Rc3 g5 39. Kg1 g4 40.
Rfd3 Qe4 41. Rxd6+ Kg5 42. Rd1 Qe2 43. Rd8 Qxb2 44.
Rc6 f4 45. Rg8+ Kf5 46. gxf4 exf4 47. Rf8+ Ke4 48. Rcf6 1-0

[Event "*** Titled Tuesday Blitz"]
[Site "Chess.com"]
[Date "2020.05.12"]
[Round "3"]
[White "Soltan49"]
[Black "northridgehawk"]
[Result "0-1"]
[WhiteElo "2448"]
[BlackElo "2250"]
[TimeControl "180+1"]
[EndTime "10:29:12 PDT"]
[Termination "northridgehawk won by checkmate"]

1. e4 e5 2. Nf3 Nc6 3. Bb5 a6 4. Bxc6 dxc6 5. O-O Bg4 6. h3 h5 7. d3 Qf6 8. Nbd2 g5 9. b3 Qg7 10. Bb2 f6 11. Re1 Be6 12. d4 O-O-O 13. dxe5 Bc5 14.
Qe2 g4 15. Nh4 gxh3 16. Nf1 hxg2 17. Ne3 fxe5 18. Nef5 Qf6 19. Rad1 Nh6 20. Rxd8+ Rxd8 21. Qxh5 Nxf5 22. exf5 Rd2 23. Re2 Rxe2 24. Qxe2 Bd5 25. Qg4 b6 26. c4 Bf7 27. Nxg2 Kb7 28. Ne3 Bd4 29. Bc1 b5 30. Qg2 Kb6 31. cxb5 axb5 32.
Qf3 c5 33. Bd2 c6 34. Kf1 Qe7 35. f6 Qe6 36. Ng4 c4 37. bxc4 Qxc4+ 38. Kg1 Bd5 39. Qg3 Qxa2 40. Be1 Qb1 41. Kf1 Bc4+ 42. Kg2 Qxe1 43.
Qh4 Bd5+ 44. Kg3 Qc3+ 45. f3 Qxf3+ 46. Kh2 Qg2# 0-1

[Event "*** Titled Tuesday Blitz"]
[Site "Chess.com"]
[Date "2020.05.12"]
[Round "3"]
[White "frankshar"]
[Black "MYMChessAcademy"]
[Result "1-0"]
[WhiteElo "2355"]
[BlackElo "2322"]
[TimeControl "180+1"]
[EndTime "10:29:13 PDT"]
[Termination "frankshar won on time"]

1. d4 Nf6 2. c4 g6 3. Nc3 Bg7 4. e4 d6 5. Nf3 O-O 6. Be2 e5 7.
O-O Nc6 8. d5 Ne7 9. b4 Kh8 10.
Nd2 Neg8 11. c5 Ne8 12. Nc4 f5 13. f3 Nh6 14. Be3 f4 15. Bf2 g5 16. h3 Rf6 17. Rc1 Nf7 18. cxd6 Nexd6 19. Nxd6 Nxd6 20. Nb5 Nxb5 21. Bxb5 Bf8 22. Qc2 Rf7 23. Bc5 Bd6 24.
Ba4 h5 25. Kf2 g4 26. hxg4 Qh4+ 27. Ke2 Qg3 28. Bf2 Qxg2 29. Rg1 Qh3 30. Rh1 hxg4 31. Rxh3+ gxh3 32. Be8 Rg7 33. Bh5 Rg2 34. Rh1 Bd7 35.
Bg4 Bb5+ 36. Kd1 h2 37. Bh3 Rag8 38. Bxg2 Rxg2 39. a3 Kg7 40. Kc1 Kg6 41. Kb2 a6 42. Kb3 Bd7 43. Qe2 Bb5 44. Qe1 Kg5 45. Bh4+ Kh5 46.
Bf2 Be7 47. a4 Bd7 48. Qf1 Bh3 49. Qxg2 Bxg2 50. Rxh2+ Kg6 51. Rxg2+ Kf7 52. Bc5 Bf6 53. Kc4 Bd8 54. b5 a5 55. b6 cxb6 56. Bd6 Kf6 57.
Kb5 Kf7 58. Bxe5 1-0

[Event "*** Titled Tuesday Blitz"]
[Site "Chess.com"]
[Date "2020.05.12"]
[Round "3"]
[White "Kingsman132"]
[Black "ZoltanChef"]
[Result "1-0"]
[WhiteElo "2349"]
[BlackElo "2137"]
[TimeControl "180+1"]
[EndTime "10:29:13 PDT"]
[Termination "Kingsman132 won on time"]

1. e4 g6 2. Nf3 Bg7 3. d4 c5 4. c3 Nf6 5. e5 Ne4 6. d5 O-O 7.
Bd3 f5 8. O-O e6 9. d6 Nc6 10. Bf4 g5 11. Bxe4 gxf4 12. Bxc6 bxc6 13. Re1 Rb8 14. Qd2 Bh6 15. b3 Kh8 16. c4 Rg8 17. Kh1 a5 18. Nc3 Ba6 19. Ne2 a4 20. Nxf4 Rg4 21. g3 axb3 22. axb3 Rxb3 23. Rxa6 Rxf3 24.
Rea1 Rg8 25. Qe2 Rb3 26. Nh5 Qg5 27. Nf6 Rgb8 28. Ra8 f4 29. Rxb8+ Rxb8 30. Qe4 Qg7 31. gxf4 Qf7 32. Rg1 Rd8 33. Qf3 Bg7 34. Qh5 Qxh5 35. Nxh5 Bh6 36. Rg4 Rf8 37. Nf6 Rd8 38. Kg2 Bg7 39.
Nh5 Bh6 40. Kf3 Rb8 41. Nf6 Rd8 42. Ke4 Bg7 43. Nh5 Bh6 44. f5 exf5+ 45. Kxf5 Rf8+ 46. Nf6 Bg7 47. h4 Rf7 48. h5 Rf8 49. f4 Rf7 50.
Rg2 Rf8 51. Ra2 Bxf6 52. exf6 h6 53. Kg6 Rg8+ 54. Kxh6 Rf8 55. Kg6 1-0

[Event "*** Titled Tuesday Blitz"]
[Site "Chess.com"]
[Date "2020.05.12"]
[Round "3"]
[White "Enriquack"]
[Black "PavlovDanila"]
[Result "0-1"]
[WhiteElo "2274"]
[BlackElo "2703"]
[TimeControl "180+1"]
[EndTime "10:29:14 PDT"]
[Termination "PavlovDanila won by resignation"]

1. e4 e6 2. d4 d5 3. Nc3 Nf6 4. Bg5 Be7 5. e5 Nfd7 6. h4 Bxg5 7.
hxg5 Qxg5 8. Nh3 Qe7 9. Nf4 Nb6 10. Qg4 g6 11. a4 Nc6 12. a5 Qb4 13. Nd3 Qxd4 14.
Qg5 Nc4 15. Rh4 f6 16. Qh6 N4xe5 17. Rxd4 Nxd4 18. O-O-O Nf5 19. Qh2 Nxd3+ 20. Bxd3 Nd6 21. Bxg6+ Kd7 22. Bd3 c6 23. Qh6 Ne8 24. Bg6 f5 25. Ne2 e5 26. Bxf5+ Kc7 27. Bg6 Nd6 28. Bh5 Bd7 29. Ng3 Raf8 30. f3 Rhg8 31. Qxh7 Rxg3 32. Bg4 Rd8 33. Qh2 Rxg4 34. fxg4 Bxg4 35. Rf1 Re8 36. a6 b6 37. Qh7+ Bd7 38. Rf6 e4 39. Rf1 d4 40.
Re1 c5 41. Qh2 e3 42. Qf4 Kc6 43. g4 Re4 44. Qf3 Bxg4 45. Qg2 Kc7 46. c3 d3 47. Rxe3 Rxe3 48. Qxg4 Re7 49. Kd2 c4 50. b3 Ne4+ 51. Kc1 d2+ 52. Kc2 Rd7 53. Qd1 Nf2 54. Qxd2 cxb3+ 55. Kc1 Rxd2 56. Kxd2 Ne4+ 57. Ke3 Nc5 0-1

[Event "*** Titled Tuesday Blitz"]
[Site "Chess.com"]
[Date "2020.05.12"]
[Round "3"]
[White "GMKrikor"]
[Black "Tashik"]
[Result "1-0"]
[WhiteElo "2822"]
[BlackElo "2442"]
[TimeControl "180+1"]
[EndTime "10:29:15 PDT"]
[Termination "GMKrikor won by resignation"]

1. Nf3 d5 2. c4 e6 3. e3 Nf6 4. Nc3 c5 5. cxd5 exd5 6. d4 Nc6 7. Bb5 cxd4 8. exd4 Bd6 9. O-O O-O 10. Bg5 Be6 11.
Re1 h6 12. Bh4 Rc8 13. Rc1 Be7 14. Ne5 Qb6 15. Bxc6 bxc6 16. Na4 Qb5 17. Ng6 fxg6 18. Rxe6 Rf7 19. b3 Ba3 20. Rc2 g5 21. Bg3 Ne4 22. Qe2 Qxe2 23. Rxe2 c5 24. dxc5 Bxc5 25. Nxc5 Rxc5 26. f3 Nxg3 27. hxg3 Rd7 28. Kf2 Kf7 29.
R6e5 Rc6 30. Rd2 d4 31. Re4 Rcd6 32. f4 gxf4 33. gxf4 Kf6 34. Kf3 g5 35. g4 gxf4 36. Kxf4 Kg6 37. Re5 Kf6 38. Ke4 Kg6 39. Rd3 Kf6 40. b4 Kg6 41. a4 Rf6 42. Rxd4 Rxd4+ 43. Kxd4 Rf1 44. Re7 Rf4+ 45. Kc5 Rxg4 46. Rxa7 h5 47. Ra8 h4 48. Rg8+ Kf5 49. Rh8 Kg5 50.
a5 h3 51. Rxh3 1-0

[Event "*** Titled Tuesday Blitz"]
[Site "Chess.com"]
[Date "2020.05.12"]
[Round "3"]
[White "Fandorine"]
[Black "vaishali2001"]
[Result "1/2-1/2"]
[WhiteElo "2859"]
[BlackElo "2645"]
[TimeControl "180+1"]
[EndTime "10:29:16 PDT"]
[Termination "Game drawn by repetition"]

1. e4 e5 2. Nf3 Nc6 3. d4 exd4 4. Nxd4 Nf6 5. Nxc6 bxc6 6. Bd3 d5 7. exd5 cxd5 8.
O-O Be7 9. c4 c6 10. Nc3 O-O 11. cxd5 cxd5 12. Bg5 Rb8 13. b3 h6 14. Bh4 d4 15. Bxf6 Bxf6 16. Ne4 Bb7 17. Rc1 Re8 18. Re1 Bxe4 19. Bxe4 Qa5 20. Re2 Rbc8 21. Rxc8 Rxc8 22.
g3 g6 23. Bd3 Kg7 24. Bc4 Rd8 25. Qd3 Qc3 26. Kg2 Rd7 27. Rc2 Qb4 28. h4 h5 29.
Qf3 Qd6 30. Bd3 Rc7 31. Rxc7 Qxc7 32. Bc4 Qe7 33. Qd5 Be5 34. b4 Qf6 35. a4 Qe6 36. Qxe6 fxe6 37. Bxe6 d3 38. b5 d2 39. Bb3 Bc7 40.
Bc2 Kf6 41. f4 Bb6 42. Kf3 Bc5 43. Ke2 Bb6 44. Kf3 Ba5 45. g4 hxg4+ 46. Kxg4 Bc7 47.
Kf3 Bb6 48. Ke2 Ba5 49. Be4 Kg7 50. Bc2 Kh6 51. Kf3 Kh5 52. Ke2 Kxh4 53. Bxg6 Kg4 54. f5 Kg5 55. Kd1 Kf6 56. Bh7 Bb4 57. Bg6 Ba5 58. Kc2 Bb4 59. Kd1 Ba5 1/2-1/2

[Event "*** Titled Tuesday Blitz"]
[Site "Chess.com"]
[Date "2020.05.12"]
[Round "3"]
[White "2346PL"]
[Black "Klaus1995"]
[Result "1-0"]
[WhiteElo "2461"]
[BlackElo "1780"]
[TimeControl "180+1"]
[EndTime "10:29:16 PDT"]
[Termination "2346PL won on time"]

1. d4 Nf6 2. Bg5 e6 3. Nf3 d5 4.
e3 c5 5. c3 Bd6 6. Nbd2 Nbd7 7. Be2 a6 8. a4 b6 9. e4 dxe4 10.
Nxe4 Be7 11. dxc5 Nxe4 12. Bxe7 Qxe7 13. Qd4 Ndxc5 14. Qxg7 Qf6 15. Qg4 Nxc3 16. Bc4 N3e4 17. O-O h5 18. Qh4 Qxh4 19. Nxh4 Bb7 20. Rfe1 Rg8 21.
b4 Nd7 22. f3 Nd2 23. Ba2 Nxf3+ 24. Nxf3 Bxf3 25. g3 h4 26. Kf2 Bc6 27. Bc4 hxg3+ 28.
hxg3 b5 29. Bxe6 bxa4 30. Bd5+ Kd8 31. Bxc6 Rc8 32. Bxa4 Rc3 33. Rad1 Rc7 34. Rd6 Kc8 35. Rxa6 Kb7 36. Rf6 Nb6 37. Bb3 Rg4 38. Rf4 Rg5 39.
Re8 f5 40. Rf8 Rc3 41. Rf7+ Ka6 42. Rf3 Rc1 43. R7xf5 Rxf5 44. Rxf5 Rb1 45. Ra5+ Kb7 46. Bd5+ Nxd5 47. Rxd5 Rxb4 48. Kf3 Kc6 49. Rd1 Rb3+ 50. Kf4 Rb4+ 51. Kf5 Kc7 52. g4 Rb5+ 53. Kf6 Kc8 54. g5 Rb6+ 55. Kf7 Rb7+ 56. Kf8 Rb6 57. Kf7 Rb7+ 58. Kg8 1-0

[Event "*** Titled Tuesday Blitz"]
[Site "Chess.com"]
[Date "2020.05.12"]
[Round "3"]
[White "StockholmMissile"]
[Black "Infernal_XaM"]
[Result "1/2-1/2"]
[WhiteElo "2456"]
[BlackElo "2849"]
[TimeControl "180+1"]
[EndTime "10:29:17 PDT"]
[Termination "Game drawn - insufficient material"]

1. d4 e6 2. c4 d5 3. Nf3 b6 4. cxd5 exd5 5. Nc3 Bb7 6. g3 Nf6 7. Bg5 Nbd7 8. Qa4 Be7 9. Bxf6 Bxf6 10. Bh3 a6 11.
O-O b5 12. Qb3 Nb6 13. a4 c6 14. axb5 axb5 15. e4 O-O 16. exd5 Nxd5 17. Nxd5 Qxd5 18. Qxd5 cxd5 19. Ne5 Rxa1 20. Rxa1 Ra8 21. Rxa8+ Bxa8 22. f4 Bd8 23. Kf2 f6 24. Nd3 Kf7 25. Bd7 Ke7 26. Bxb5 Kd6 27. Ba4 Bb7 28. Ke3 Bc8 29. Nc5 Ba5 30. Bc2 h6 31. Nd3 Ba6 32. Nc5 Bc8 33. Nd3 g5 34. b4 Bc7 35. Ba4 h5 36. Nc5 h4 37. Bb5 h3 38. Ba6 Bg4 39. Be2 Bc8 40.
Ba6 Bf5 41. Bd3 Bg4 42. Be2 gxf4+ 43. gxf4 Bc8 44. Ba6 Bg4 45. Be2 Bxe2 46. Kxe2 Kc6 47. Kf3 Kb5 48. Ne6 Bd6 49. Ng7 Bxb4 50. Nh5 Be7 51.
f5 Kc4 52. Ke3 Bd6 53. Nxf6 Bxh2 54. Kf3 Bd6 55. Kf2 Bh2 56. Ng4 Bf4 57. Kg1 Bg5 58. f6 Kxd4 59. f7 Be7 60. Nf6 Ke5 61. Nxd5 Kxd5 62. Kh1 Bd6 63. f8=Q Bxf8 64. Kh2 Ke4 65. Kxh3 1/2-1/2

[Event "*** Titled Tuesday Blitz"]
[Site "Chess.com"]
[Date "2020.05.12"]
[Round "3"]
[White "SARGISMV"]
[Black "platy3"]
[Result "0-1"]
[WhiteElo "2429"]
[BlackElo "2741"]
[TimeControl "180+1"]
[EndTime "10:29:18 PDT"]
[Termination "platy3 won by checkmate"]

1. Nf3 Nf6 2. d4 d5 3. c4 e6 4. g3 dxc4 5. Bg2 c6 6. a4 Bb4+ 7.
Bd2 a5 8. O-O O-O 9. Na3 b5 10.
Bg5 Ra7 11. Ne5 Qb6 12. Bxf6 gxf6 13. Ng4 Nd7 14. Qc1 Be7 15. Rd1 Kh8 16. Qf4 Rg8 17. e4 Qc7 18. e5 Ba6 19. Nc2 f5 20. Nh6 Rg7 21. h4 Nf8 22. Ne3 Bc8 23. Qf3 Bd7 24. Qh5 Ng6 25. Bf3 Nf4 26. Nxf7+ Kg8 27. Qh6 Nh3+ 28.
Kh2 Nxf2 29. Ng5 Bxg5 30. hxg5 Qd8 31. Rd2 Rg6 32. Qh4 Nd3 33. Bh5 Qxg5 34. Bxg6 Qxh4+ 35. gxh4 hxg6 36. Rg1 Kf7 37. Ng2 Ra8 38. Kg3 Rh8 39.
Nf4 Nxf4 40. Kxf4 Rxh4+ 41. Kf3 b4 42. Rc1 c5 43. Rxc4 Bc6+ 44. Ke3 Re4+ 45. Kf2 Bd5 46. Rxc5 Rf4+ 47. Ke1 g5 48. Rc7+ Kg6 49. Rh2 g4 50. Rhh7 Re4+ 51. Kf2 Kg5 52. Rcf7 Kf4 53. Rh4 Rxd4 54.
Ra7 Rd2+ 55. Ke1 Rxb2 56. Rxa5 Ke3 57. Kd1 Be4 58. Kc1 Rb1# 0-1

[Event "*** Titled Tuesday Blitz"]
[Site "Chess.com"]
[Date "2020.05.12"]
[Round "3"]
[White "Konavets"]
[Black "enriquetejedor"]
[Result "1-0"]
[WhiteElo "2940"]
[BlackElo "2457"]
[TimeControl "180+1"]
[EndTime "10:29:19 PDT"]
[Termination "Konavets won by checkmate"]

1. d4 Nf6 2. Nf3 d5 3. Bf4 c5 4.
e3 Qb6 5. Nbd2 e6 6. Rb1 Bd6 7. Bg3 O-O 8. c3 Nbd7 9. Bd3 Qc7 10. Bh4 b6 11. g4 Bb7 12. g5 Ne4 13. Qc2 f5 14.
gxf6 Ndxf6 15. Rg1 Nxd2 16. Nxd2 Kh8 17. Bg3 e5 18.
dxe5 Bxe5 19. Qa4 d4 20. cxd4 cxd4 21. Bxe5 Qxe5 22. Qxd4 Qxd4 23. exd4 Rad8 24. Nb3 Bd5 25. Rg3 Bxb3 26. axb3 Rxd4 27. Rc1 Rfd8 28. Be2 h6 29. Rc7 R8d7 30. Rc8+ Rd8 31. Rgc3 Kh7 32. Rxd8 Rxd8 33. Rc7 Rd7 34. Rc6 Kg6 35. Bf1 Kf7 36. Bc4+ Kg6 37.
Ke2 Re7+ 38. Kf3 Kh7 39. Bd3+ Kg8 40. Bg6 Nd7 41. Rc8+ Nf8 42. h4 Re6 43. h5 Rf6+ 44. Kg3 a5 45. Rb8 Re6 46. f4 Rd6 47. Kf3 Rf6 48. Bd3 Kf7 49. Rb7+ Kg8 50. Bc4+ Kh7 51. Bd5 Kh8 52. Ke4 Kh7 53. Ke5 Kh8 54. f5 Nh7 55.
Be6 Ng5 56. Rb8+ Kh7 57. Bg8+ Kh8 58. Bf7+ Kh7 59. Bg6+ Rxg6 60. fxg6# 1-0

[Event "*** Titled Tuesday Blitz"]
[Site "Chess.com"]
[Date "2020.05.12"]
[Round "3"]
[White "Logman74"]
[Black "AnthonyWirig"]
[Result "0-1"]
[WhiteElo "2354"]
[BlackElo "2622"]
[TimeControl "180+1"]
[EndTime "10:29:20 PDT"]
[Termination "AnthonyWirig won on time"]

1. e4 c5 2. Nf3 e6 3. d4 cxd4 4. Nxd4 a6 5. Bd3 Nc6 6. Nxc6 dxc6 7. O-O e5 8. Qe2 Nf6 9. h3 Bc5 10. Be3 Qb6 11. Bxc5 Qxc5 12. Nd2 O-O 13. a4 a5 14. Nc4 Be6 15. b3 Rad8 16. Ne3 Rd4 17. Nc4 Bxc4 18.
bxc4 Nd7 19. Kh1 Qe7 20. f4 exf4 21. Rxf4 Ne5 22. Rb1 Rfd8 23. Rb3 Qd6 24. Rxb7 Rb8 25. c5 Qd8 26. Rxb8 Qxb8 27. Rf1 g6 28. Qf2 Rxa4 29.
Qf6 Rb4 30. Qe7 a4 31. c3 Rb7 32. Qf6 Nxd3 33. Qxc6 a3 34. Qd5 Ne5 35. c6 Re7 36.
Qc5 Qc7 37. Qxa3 Nxc6 38. Qc5 Ne5 39. Qb4 Kg7 40. Rd1 Rd7 41. Rd5 Rxd5 42. exd5 Nc4 43. Qb5 Nd6 44. Qd3 Qc4 45. Qd2 Qe4 46. Kg1 h5 47. Kh1 h4 48. Qd1 Qe5 49. Qd3 Ne4 50. Kg1 Nxc3 51. d6 Qe1+ 52. Kh2 Ne2 53. Qe3 Qd1 0-1

[Event "*** Titled Tuesday Blitz"]
[Site "Chess.com"]
[Date "2020.05.12"]
[Round "3"]
[White "Sethu0025"]
[Black "Alomaterapia"]
[Result "0-1"]
[WhiteElo "2739"]
[BlackElo "2474"]
[TimeControl "180+1"]
[EndTime "10:29:21 PDT"]
[Termination "Alomaterapia won on time"]

1. e4 c6 2. d4 d5 3. e5 Bf5 4. Nf3 e6 5. Be2 Ne7 6. O-O c5 7. Na3 Nec6 8. c4 cxd4 9. Nb5 d3 10. Bxd3 Bxd3 11. Qxd3 Be7 12. cxd5 exd5 13. Qxd5 O-O 14. Qxd8 Bxd8 15. Bf4 Na6 16. Rac1 Bb6 17. Nd6 Nc5 18. Rfd1 Ne6 19. Bg3 Ncd4 20. Nxd4 Bxd4 21. Rc2 b6 22. Kf1 h5 23. h4 g6 24. b4 a5 25. b5 a4 26. Rc4 Bc5 27. f4 Ra5 28. Rb1 Rb8 29. Bf2 a3 30. g3 Ra7 31. Ne4 Bxf2 32. Kxf2 Ra5 33. Nd6 Nc5 34. Ke3 Rba8 35. Kd4 Ra4 36.
Rbb4 R4a7 37. Kd5 Ne6 38. Rc6 Rb8 39. Rbc4 Ra5 40. Rc8+ Rxc8 41. Rxc8+ Kg7 42. Ne8+ Kh6 43. Kc4 Ra4+ 44. Kb3 Re4 45. Nf6 Re3+ 46. Kc4 Rxg3 47. Rh8+ Kg7 48. Rg8+ Kh6 49. f5 Rg4+ 50. Kd5 gxf5 51.
Rh8+ Kg7 52. Rg8+ Kh6 53. Nxg4+ hxg4 54. Rh8+ Kg7 55. Rc8 g3 56. Rc3 f4 57. Ke4 Kg6 58. Kf3 Kh5 0-1

[Event "*** Titled Tuesday Blitz"]
[Site "Chess.com"]
[Date "2020.05.12"]
[Round "3"]
[White "BeanScreen"]
[Black "BvsN"]
[Result "0-1"]
[WhiteElo "2554"]
[BlackElo "2391"]
[TimeControl "180+1"]
[EndTime "10:29:21 PDT"]
[Termination "BvsN won on time"]

1. e4 c5 2. Nf3 e6 3. d4 cxd4 4. Nxd4 Nf6 5. Nc3 Nc6 6. Ndb5 Bc5 7. Nd6+ Ke7 8. Bf4 e5 9. Nf5+ Kf8 10. Be3 Bb4 11. a3 Bxc3+ 12. bxc3 d5 13. Bc5+ Kg8 14. Nd6 dxe4 15. Bc4 Be6 16. Bxe6 fxe6 17. O-O b6 18. Be3 Nd5 19. Nxe4 h6 20. Qg4 Qe7 21. Bd2 Rf8 22. c4 Nf4 23. Bxf4 Rxf4 24. Qe2 Nd4 25. Qd3 Qh4 26.
f3 Qe7 27. c3 Nc6 28. Rfd1 g6 29. Qd6 Qxd6 30. Rxd6 Na5 31. Rad1 Nxc4 32. Rd8+ Rf8 33. Rxf8+ Kxf8 34. Rd8+ Kg7 35. Rd7+ Kf8 36. Rxa7 Rg8 37. Rc7 Ne3 38. Rc6 Ke7 39. Rxb6 Ra8 40. Rb7+ Kd8 41. Rg7 Rxa3 42. Rxg6 Nd5 43. Rxe6 Nf4 44.
Rd6+ Ke7 45. Kf2 Ra2+ 46. Rd2 Ra3 47. g3 Ne6 48. Rb2 h5 49. Rb7+ Kd8 50. Rh7 h4 51. Rxh4 Ra2+ 52. Ke3 Nc7 53. Rh8+ Kd7 54. Rh7+ Kd8 55. c4 Ne6 0-1

[Event "*** Titled Tuesday Blitz"]
[Site "Chess.com"]
[Date "2020.05.12"]
[Round "3"]
[White "Duong57"]
[Black "WhiteKnight2612"]
[Result "0-1"]
[WhiteElo "2263"]
[BlackElo "2687"]
[TimeControl "180+1"]
[EndTime "10:29:22 PDT"]
[Termination "WhiteKnight2612 won by resignation"]

1. d4 Nf6 2. c4 e6 3. Nc3 Be7 4. e4 d6 5. Nf3 O-O 6. Bd3 b6 7. O-O Bb7 8. Qc2 h6 9. h3 Nc6 10. a3 Nd7 11. Be3 Bf6 12. Rad1 Qe7 13. Rfe1 Rfd8 14.
Bf1 Qf8 15. Nh2 e5 16. d5 Ne7 17. Ne2 Bg5 18. Bxg5 hxg5 19. Ng3 f6 20. Be2 a5 21. b4 Bc8 22. Bg4 g6 23. Be6+ Kh7 24. Ra1 Qg7 25. Nf3 Nf8 26. Bxc8 Rdxc8 27. c5 Nd7 28. c6 Nf8 29. Reb1 Qf7 30. a4 Kg7 31. Nd2 f5 32. f3 g4 33. hxg4 fxg4 34. b5 Qf4 35. Kf2 Nh7 36. Qc3 Ng5 37. Qe3 Rf8 38. Rh1 Rf7 39. Qxf4 Rxf4 40. Ne2 Rf6 41. Ke3 Raf8 42. Raf1 Ng8 43.
f4 Nf7 44. g3 Ngh6 45. Rf2 Re8 46. Rfh2 Re7 47. Rf2 exf4+ 48. gxf4 g3 49. Nxg3 Ng4+ 50. Kf3 Nxf2 51. Kxf2 Rxf4+ 52. Ke3 Rg4 53. Kf3 Ne5+ 54. Kf2 Rf7+ 55. Kg2 Nd3 56. Rf1 Rxf1 57. Nxf1 Rf4 58. Kg1 Rf2 59. Nh2 Ra2 60. Ng4 Rxa4 61. Ne2 Rxe4 0-1

[Event "*** Titled Tuesday Blitz"]
[Site "Chess.com"]
[Date "2020.05.12"]
[Round "3"]
[White "Trickov"]
[Black "Ze-Pequeno"]
[Result "0-1"]
[WhiteElo "2284"]
[BlackElo "2022"]
[TimeControl "180+1"]
[EndTime "10:29:22 PDT"]
[Termination "Ze-Pequeno won on time"]

1. d4 Nf6 2. Nf3 e6 3. g3 b5 4. Bg2 d5 5. O-O Be7 6. a4 b4 7. c4 bxc3 8. Nxc3 O-O 9. Bf4 Na6 10. Ne5 Nb4 11. a5 Ba6 12. Qa4 Qe8 13. Rfc1 Bd6 14. e4 c6 15. Bd2 Rb8 16. Qd1 Bxe5 17. dxe5 Nd7 18. exd5 cxd5 19. f4 Nd3 20. Rcb1 Nxb2 21. Qc1 Nc4 22. Be1 Qe7 23. Bf2 Nc5 24. Bf1 Nb3 25.
Rxb3 Rxb3 26. Na4 Rc8 27. Qd1 Qb4 28. Qd4 Rc7 29. Nc5 Bc8 30. Nxb3 Qxb3 31. a6 g6 32. h3 h5 33. g4 hxg4 34. hxg4 Qf3 35. Bg2 Qxg4 36. Rb1 Qf5 37. Rb8 Kg7 38. Qd1 Bxa6 39. Qb1 Nd2 40. Qxf5 gxf5 41. Ra8 Rc1+ 42. Kh2 Ne4 43.
Bxe4 dxe4 44. Bxa7 Bd3 45. Be3 Rc2+ 46. Kg3 Rc3 47. Kf2 Rc2+ 48. Kg3 Bf1 0-1